 Dungeon Crawl Stone Soup version 0.27-a0-1036-g8e1b44f6bd (webtiles) character file.

Game seed: 17733434707241093086

107 voltaire321 the Ducker (level 4, -6/35 HPs)
             Began as a Djinni Gladiator on Apr 19, 2021.
             Mangled by a phantom (7 damage)
             ... on level 2 of the Dungeon.
             The game lasted 00:03:59 (2023 turns).

voltaire321 the Ducker (Djinni Gladiator)           Turns: 2023, Time: 00:04:00

Health: -6/35      AC:  4    Str: 13    XL:     4   Next: 86%
Gold:   62         EV: 13    Int: 11    God:
                   SH:  0    Dex: 14

rFire    + + .     SeeInvis .   a - +0 long sword
rCold    x . .     Faith    .   (no shield)
rNeg     . . .     Spirit   .   b - +0 leather armour
rPois    ∞         Reflect  .   c - +0 helmet
rElec    .         Harm     .   (no cloak)
rCorr    .         Rampage  .   (no gloves)
Will     .....                  (boots unavailable)
Stlth    +.........             (no amulet)
HPRegen  0.11/turn              (no ring)
MPRegen  0.00/turn              (no ring)

@: flying
A: fire resistance 2, cold vulnerability 1, float, innate caster, hp casting,
extra vitality 1
a: no special abilities


You were on level 2 of the Dungeon.
You visited 1 branch of the dungeon, and saw 2 of its levels.

You collected 62 gold pieces.

Inventory:

Hand Weapons
 a - a +0 long sword (weapon)
Missiles
 d - 3 throwing nets (quivered)
Armour
 b - a +0 leather armour (worn)
 c - a +0 helmet (worn)
Scrolls
 h - a scroll of identify {unknown}
 i - a scroll of enchant weapon {unknown}
 l - a scroll of amnesia {unknown}
Potions
 e - a potion of heal wounds {unknown}
 f - a potion of brilliance {unknown}
 g - a potion of flight {unknown}
 j - a potion of resistance {unknown}
 k - a potion of cancellation {unknown}
 m - a potion of berserk rage {unknown}


   Skills:
 + Level 3.0 Fighting
 + Level 3.4 Long Blades
 - Level 1.5 Throwing
 + Level 4.1 Dodging
 + Level 1.3 Spellcasting


You had 4 spell levels left.
You knew the following spells:

 Your Spells              Type           Power      Damage    Failure   Level
a - Freeze                Ice            12%        1d4       24%         1
Your spell library was empty.

Dungeon Overview and Level Annotations

Branches:
Dungeon (2/15)

Altars:


Innate Abilities, Weirdness & Mutations

You are immune to poison.
Your flesh is very heat resistant. (rF++)
You are vulnerable to cold. (rC-)
You float through the air rather than walking.
You learn spells naturally, not from books.
Your magical power is your life essence.
You have superior vitality. (+4 HP)


Message History

You hit the phantom.
The phantom is moderately damaged.
The phantom hits you.
The phantom blinks!
You blink.
The phantom closely misses you. The phantom hits you.
You closely miss the phantom.
The phantom is moderately damaged.
The phantom hits you.
You barely miss the phantom.
The phantom is moderately damaged.
The phantom barely misses you.
You miss the phantom.
The phantom is lightly damaged.
The phantom misses you.
You closely miss the phantom.
The phantom is lightly damaged.
The phantom hits you.
* * * LOW HITPOINT WARNING * * *
The phantom blinks!
You blink.
The phantom closely misses you.
You hit the phantom.
The phantom is moderately damaged.
The phantom closely misses you.
You closely miss the phantom.
The phantom is moderately damaged.
The phantom misses you.
You miss the phantom.
The phantom is moderately damaged.
The phantom hits you but does no damage.
You barely miss the phantom.
The phantom is moderately damaged.
The phantom hits you.
* * * LOW HITPOINT WARNING * * *
You barely miss the phantom.
The phantom is moderately damaged.
The phantom barely misses you. The phantom hits you.
* * * LOW HITPOINT WARNING * * *
You hit the phantom.
The phantom is moderately damaged.
The phantom hits you!
You die...

.......##.######.## #.## #.#[#
.####.###.# #.####.### #.#.###
#.....######.#......# #>.....
##........##.#......###.#.###
#.##.###.##.#......<##.#.#
#.##.###.##.#####...##.#.#
#........##.# ##..##.#.#
.######.###.##.# #..##.#.#
...........).W@# ##.##.#.#
...####.###.##########..#.#.###
#<...............(÷÷...##
#.####..##..####....#.### ...
.... #...#..#.# # ..#
........#.g#g.#.# # ...#
..............#.# # ...#
....>..#...##.g.# # ....# ..
#...##...# #


You could see a phantom.

Vanquished Creatures
  Jessica (D:2)
  3 gnolls (D:2)
  An adder (D:2)
  An orc (D:2)
  3 endoplasms
  3 giant cockroaches
  3 hobgoblins
  8 jackals
  2 ball pythons (D:1)
  3 bats (D:1)
  3 frilled lizards
  3 goblins (D:1)
  10 rats
44 creatures vanquished.

Vanquished Creatures (others)
  2 withered plants (D:1)
2 creatures vanquished.

Grand Total: 46 creatures vanquished

Notes
Turn   | Place    | Note
-------+----------+-------------------------------------------
     0 | D:1      | voltaire321 the Djinni Gladiator began the quest for the
                  | Orb.
     0 | D:1      | Reached XP level 1. HP: 18/18 MP: 0/0
   163 | D:1      | Reached XP level 2. HP: 7/23 MP: 0/0
   419 | D:1      | Found a faded altar of an unknown god.
   792 | D:1      | Reached XP level 3. HP: 29/29 MP: 0/0
   792 | D:1      | Learned a level 1 spell: Freeze
  1038 | D:2      | Noticed Jessica
  1041 | D:2      | Killed Jessica
  1042 | D:2      | Reached skill level 1 in Spellcasting
  1077 | D:2      | Reached XP level 4. HP: 34/34 MP: 0/0
  1112 | D:2      | Reached skill level 4 in Dodging
  2008 | D:2      | Noticed a phantom
  2022 | D:2      | HP: 1/35 [phantom (5)]
  2023 | D:2      | Mangled by a phantom

Illustrated notes

Levels and vault maps discovered:
D:1:      onia_arrival_mini_maze_b, layout_rooms,
          ebering_ecumenical_altar_petrified, minmay_rat_gold_closets
D:2:      layout_basic, serial_bayou_pond_c, roderic_cross_of_infinity,
          st_stairs_5, kennysheep_nub, uniq_jessica

Skill      XL: |  1  2  3  4 |
---------------+-------------+-----
Long Blades    | 3 |  3.4
Spellcasting   | 1 |  1.3
Dodging        | 4 |  4.1
Fighting       | 3 |  3.0
Throwing       | |  1.5

Action                   |  1- 3 |  4- 6 || total
-------------------------+-------+-------++-------
Melee: Long sword        |    93 |    57 ||   150
 Stab: Sleeping          |       |     1 ||     1
Armor: Leather armour    |    32 |     9 ||    41
Dodge: Dodged            |    67 |    35 ||   102
       Rpst.: Long sword |    20 |     6 ||    26

Table legend: (Time is in decaauts)
 A = Elapsed time spent in this place.
 B = Non-inter-level travel time spent in this place.
 C = Inter-level travel time spent in this place.
 D = Time resting spent in this place.
 E = Time spent auto-exploring this place.
 F = Levels seen in this place.
 G = Mean time per level.
                   A        B        C        D        E       F      G
               +--------+--------+--------+--------+--------+-----+--------+
         Total |   2059 |   2025 |     34 |    510 |   1146 |   2 | 1029.5 |
       Dungeon |   2059 |   2025 |     34 |    510 |   1146 |   2 | 1029.5 |
               +--------+--------+--------+--------+--------+-----+--------+

Top non-repeatable levels by time:
     D:1: 1058 daAuts
     D:2: 1000 daAuts
